 Dungeon Crawl Stone Soup version 0.29-a0-219-g0a02b1cf4f (webtiles) character file.

Game seed: 6183814607060043523

335 Hubjo the Sneak (level 6, -4/46 HPs)
             Began as a Vampire Enchanter on Feb 25, 2022.
             Was a Priest of Kikubaaqudgha.
             Slain by a gnoll
             ... wielding a +2 flail of protection
              (8 damage)
             ... on level 4 of the Dungeon on Feb 26, 2022.
             The game lasted 00:08:18 (3172 turns).

Hubjo the Sneak (Vampire Enchanter)                 Turns: 3172, Time: 00:08:23

Health: -4/46      AC:  8    Str:  7    XL:     6   Next: 28%
Magic:  9/9        EV: 13    Int: 18    God:    Kikubaaqudgha [***...]
Gold:   158        SH:  0    Dex: 16    Spells: 3/9 levels left

rFire   . . .      SeeInvis +   a - +1 dagger
rCold   . . .      Faith    .   (no shield)
rNeg    + . .      Spirit   .   q - +2 robe of the Crypt {Will+}
rPois   .          Reflect  .   (no helmet)
rElec   .          Harm     .   (no cloak)
rCorr   .          Rampage  .   (no gloves)
Will    +....                   (no boots)
Stlth   ++++......              g - amulet of the acrobat
HPRegen 0.35/turn               e - +4 ring of protection
MPRegen 0.11/turn               d - ring of positive energy

@: healing quickly
A: alive, fangs 3, see invisible, vampiric 2
a: Exsanguinate, Renounce Religion, Receive Corpses


You were on level 4 of the Dungeon.
You worshipped Kikubaaqudgha.
Kikubaaqudgha was most pleased with you.
You visited 1 branch of the dungeon, and saw 4 of its levels.

You collected 158 gold pieces.

Inventory:

Hand Weapons
 a - a +1 dagger (weapon)
Armour
 b - a +0 robe
 q - the +2 robe of the Crypt (worn) {Will+}
   (You found it on level 2 of the Dungeon)

   Will:      It increases your willpower.
Jewellery
 d - a ring of positive energy (right hand)
 e - a +4 ring of protection (left hand)
 g - an amulet of the acrobat (around neck)
 o - a ring of poison resistance
Scrolls
 h - 2 scrolls of vulnerability {unknown}
 i - a scroll of noise {unknown}
 m - 2 scrolls of teleportation
 n - a scroll of fog
 p - a scroll of enchant weapon {unknown}
 s - a scroll of summoning {unknown}
 v - a scroll of fear {unknown}
Potions
 c - a potion of invisibility
 f - 3 potions of haste {unknown}
 j - 3 potions of degeneration {unknown}
 k - a potion of magic {unknown}
 l - a potion of attraction {unknown}
 r - a potion of ambrosia {unknown}
 t - a potion of might {unknown}
 u - a potion of curing {unknown}


   Skills:
 * Level 2.8 Fighting
 + Level 2.8 Short Blades
 + Level 3.3 Dodging
 * Level 7.0 Stealth
 - Level 2.0 Spellcasting
 + Level 5.5 Hexes


You had 3 spell levels left.
You knew the following spells:

 Your Spells              Type           Power      Damage    Failure   Level
a - Tukima's Dance        Hex            21%        N/A       5%          3
b - Dazzling Flash        Conj/Hex       22%        N/A       17%         3

Your spell library contained the following spells:

 Spells                   Type           Power      Damage    Failure   Level
 Confusing Touch          Hex            21%        N/A       5%          3
 Ensorcelled Hibernation  Hex/Ice        22%        N/A       9%          2
 Animate Skeleton         Necr           2%         N/A       19%         1
 Pain                     Necr           4%         1d4       19%         1
 Sublimation of Blood     Necr           1%         N/A       26%         2
 Gell's Gravitas          Tloc           1%         N/A       47%         3
 Teleport Other           Tloc           1%         N/A       47%         3
 Vampiric Draining        Necr           1%         2d6       47%         3
 Anguish                  Hex/Necr       5%         N/A       50%         4
 Yara's Violent Unravell  Hex/Tmut       5%         3d4       85%         5
 Animate Dead             Necr           0%         N/A       87%         4
 Dispel Undead            Necr           1%         3d6       87%         4
 Excruciating Wounds      Necr           0%         N/A       99%         5
 Dispersal                Tloc           0%         N/A       100%        6
 Simulacrum               Ice/Necr       0%         N/A       100%        6
 Enfeeble                 Hex            10%        N/A       100%        7


Dungeon Overview and Level Annotations

Branches:
Dungeon (4/15)
 Temple: D:4-7

Altars:
Kikubaaqudgha
Trog

Shops:
D:1 !

Portals:
Abyss: D:4

Annotations:
D:4 1 transporter, sammy202020's ghost, amateur DsBe


Innate Abilities, Weirdness & Mutations

Your natural rate of healing is accelerated.
You have razor-sharp teeth.
You have supernaturally acute eyesight. (SInv)
You are afflicted with vampirism and can become a bat while bloodless.


Message History

A gnoll is nearby!
A gnoll is nearby!
Found a one-way gate to the infinite horrors of the Abyss.
A ball python comes into view.
The ball python hisses angrily.
The gnoll shaman shouts!
The gnoll shaman calls upon its god to speed up the gnoll.
The gnoll shouts!
The gnoll seems to speed up.
The gnoll shouts! x2
The ball python completely misses you. The ball python closely misses you.
You hit the ball python.
You kill the ball python!
Kikubaaqudgha accepts your kill.
The gnoll throws a stone.
The stone barely misses you.
You hit the gnoll but do no damage. The gnoll barely misses you.
The gnoll shaman calls upon its god to speed up the gnoll.
The gnoll seems to speed up.
The gnoll hits you from afar with a +3 halberd.
You barely miss the gnoll. Your punch misses the gnoll. The gnoll misses you.
You hit the gnoll but do no damage.
The gnoll hits you from afar with a +3 halberd!
You hit the gnoll but do no damage. The gnoll hits you but does no damage.
The gnoll barely misses you. The gnoll closely misses you.
The gnoll hits you with a +0 club.
You closely miss the gnoll. The gnoll closely misses you. x3
You closely miss the gnoll. The gnoll hits you but does no damage.
The gnoll hits you with a +2 flail of protection.
You hit the gnoll.
The gnoll is lightly wounded.
The gnoll completely misses you. The gnoll hits you with a +0 club.
The gnoll completely misses you.
You barely miss the gnoll.
The gnoll is lightly wounded.
The gnoll hits you from afar with a +3 halberd!
The gnoll closely misses you.
The gnoll hits you from afar with a +3 halberd!
* * * LOW HITPOINT WARNING * * *
The gnoll hits you with a +2 flail of protection!
You die...
Kikubaaqudgha rasps: "You have failed me!
Welcome... death!"

....## . W##
#...#......#.# # ...##
###...##..####.###.####
...#$ #.# #.#©......#
#..... ...####
##..##.##..###### #####
......####....###...#
....................#
....................#
##..#..#.###.###g####
########
..............gg@#
#......#
.#..#.........g#######
#......#
....#..#.#.....#.....#
#...†... ....#..#
#.....#.....# #......#
##..#..# #.....#.....#
#......# ....#..#
#.....#)....# ###.####
....#..# #.....#.....#
#.# .#.....#
#.##.##.....#######.###
...#####
#...............#


You could see a gnoll shaman and 3 gnolls.

Vanquished Creatures
  An ogre (D:4)
  A howler monkey (D:3)
  A jelly (D:4)
  2 hounds (D:4)
  3 adders
  6 dart slugs
  9 bats
  8 endoplasms
  3 giant cockroaches (D:1)
  9 hobgoblins
  3 quokkas
  6 ball pythons
  8 frilled lizards
  4 goblins
  11 kobolds
  3 rats
78 creatures vanquished.

Vanquished Creatures (collateral kills)
  A gnoll (D:4)
1 creature vanquished.

Vanquished Creatures (others)
  A dancing weapon (D:4)
1 creature vanquished.

Grand Total: 80 creatures vanquished

Notes
Turn   | Place    | Note
-------+----------+-------------------------------------------
     0 | D:1      | Hubjo the Vampire Enchanter began the quest for the Orb.
     0 | D:1      | Reached XP level 1. HP: 13/13 MP: 3/3
   106 | D:1      | Found a faded altar of an unknown god.
   119 | D:1      | Prayed at the altar of an unknown god.
   119 | D:1      | Became a worshipper of Kikubaaqudgha
   119 | D:1      | Reached * piety under Kikubaaqudgha
   119 | D:1      | Received a gift from Kikubaaqudgha
   141 | D:1      | Reached XP level 2. HP: 14/20 MP: 5/5
   262 | D:1      | Found Gaefit's Distillery.
   343 | D:1      | Reached skill level 1 in Fighting
   409 | D:1      | Reached ** piety under Kikubaaqudgha
   410 | D:1      | Reached skill level 5 in Stealth
   468 | D:1      | Gained mutation: You are afflicted with vampirism and can
                  | become a bat while bloodless. [Vampire growth]
   468 | D:1      | Reached XP level 3. HP: 26/26 MP: 6/6
   482 | D:1      | Learned a level 3 spell: Tukima's Dance
   486 | D:1      | Learned a level 3 spell: Dazzling Flash
  1399 | D:2      | Found a bloodstained altar of Trog.
  1512 | D:2      | Identified the +2 robe of the Crypt {Will+}
  1808 | D:3      | Reached XP level 4. HP: 29/32 MP: 7/7
  1900 | D:3      | Reached skill level 5 in Hexes
  2212 | D:4      | Reached skill level 6 in Stealth
  2212 | D:4      | Reached XP level 5. HP: 27/38 MP: 8/8
  2331 | D:4      | Reached *** piety under Kikubaaqudgha
  2331 | D:4      | Received a gift from Kikubaaqudgha
  2449 | D:4      | Noticed an ancient zyme
  2477 | D:4      | Found a transporter.
  2750 | D:4      | Noticed an ogre
  2841 | D:4      | Killed an ogre
  2842 | D:4      | Reached XP level 6. HP: 30/46 MP: 9/9
  2849 | D:4      | Reached skill level 7 in Stealth
  3157 | D:4      | Found a one-way gate to the infinite horrors of the Abyss.
  3157 | D:4      | Noticed sammy202020's ghost (amateur DsBe)
  3172 | D:4      | Slain by a gnoll

Illustrated notes

Levels and vault maps discovered:
D:1:      scummos_arrival_simple_fountains, layout_loops_ring,
          chequers_ecumenical_altar_twisty, serial_shops,
          nicolae_shop_statue_plus, minivault_19
D:2:      layout_loops_ring, basic_altar
D:3:      minmay_inner_zag, layout_basic, bloody_makhleb
D:4:      layout_basic, slow_altar_2, gammafunk_ghost_abyssal_escape,
          minmay_misc_feat_room, kennysheep_potato

Skill      XL: |  1  2  3  4  5  6 |
---------------+-------------------+-----
Fighting       | 1 2 |  2.8
Stealth        | 5 6 7 |  7.0
Short Blades   | 2 |  2.8
Hexes          | 5 |  5.5
Dodging        | 3 |  3.3
Spellcasting   | |  2.0

Action                   |  1- 3 |  4- 6 || total
-------------------------+-------+-------++-------
Melee: Dagger            |   148 |   141 ||   289
       Bite              |    14 |    18 ||    32
       Punch             |     3 |     6 ||     9
 Cast: Tukima's Dance    |       |     2 ||     2
  Use: Scroll            |       |     3 ||     3
 Stab: Sleeping          |    13 |     1 ||    14
Armor: Robe              |    48 |    57 ||   105
Dodge: Dodged            |    81 |   142 ||   223

Table legend: (Time is in decaauts)
 A = Elapsed time spent in this place.
 B = Non-inter-level travel time spent in this place.
 C = Inter-level travel time spent in this place.
 D = Time resting spent in this place.
 E = Time spent auto-exploring this place.
 F = Levels seen in this place.
 G = Mean time per level.
                   A        B        C        D        E       F      G
               +--------+--------+--------+--------+--------+-----+--------+
         Total |   3142 |   2956 |    186 |    261 |   1865 |   4 |  785.5 |
       Dungeon |   3142 |   2956 |    186 |    261 |   1865 |   4 |  785.5 |
               +--------+--------+--------+--------+--------+-----+--------+

Top non-repeatable levels by time:
     D:4: 970 daAuts
     D:1: 943 daAuts
     D:2: 682 daAuts
     D:3: 546 daAuts
